 Dungeon Crawl Stone Soup version 0.30-a0-165-g1891117ce2 (webtiles) character file.

Game seed: 14023775072710921472

34 qw the Shield-Bearer (level 3, -5/23 HPs)
             Began as a Gargoyle Fighter on Sept 28, 2022.
             Killed by nerve-wracking pain
             ... invoked by an orc priest
              (6 damage)
             ... on level 2 of the Dungeon.
             The game lasted 00:00:18 (859 turns).

qw the Shield-Bearer (Gargoyle Fighter)              Turns: 859, Time: 00:00:18

Health: -5/23      AC: 10    Str: 21    XL:     3   Next: 31%
Magic:  3/3        EV:  8    Int:  8    God:
Gold:   38         SH:  8    Dex:  9    Spells: 2/2 levels left

rFire   . . .      SeeInvis .    Y - +0 war axe
rCold   . . .      Faith    .    j - +0 kite shield
rNeg    + . .      Spirit   .    b - +0 scale mail
rPois   inf        Reflect  .    (no helmet)
rElec   +          Harm     .    (no cloak)
rCorr   .          Rampage  .    (no gloves)
Will    .....                    (no boots)
Stlth   ..........               (no amulet)
HPRegen 0.07/turn                (no ring)
MPRegen 0.08/turn                (no ring)

@: no status effects
A: sickness immunity, AC +3, negative energy resistance 1, electricity
resistance, torment resistance 1, petrification resistance
a: no special abilities


You were on level 2 of the Dungeon.
You visited 1 branch of the dungeon, and saw 2 of its levels.

You collected 38 gold pieces.


Innate Abilities, Weirdness & Mutations

You are immune to sickness and miasma.
Your stone body is resilient. (AC +3)
You are immune to poison.
You resist negative energy. (rN+)
You are resistant to electric shocks. (rElec)
You are resistant to unholy torment.
You are immune to petrification.


   Skills:
 - Level 3.2 Fighting
 - Level 3.1 Axes
 - Level 3.2 Armour
 + Level 3.5 Shields


You had 2 spell levels left.
You didn't know any spells.
Your spell library was empty.

Inventory:

Hand Weapons
 e - a +0 club
 Y - a +0 war axe (weapon)
Missiles
 f - 6 boomerangs (quivered)
Armour
 b - a +0 scale mail (worn)
 j - a +0 kite shield (worn)
Scrolls
 a - a scroll of enchant armour
Potions
 d - a potion of might
 g - a potion of heal wounds {unknown}
 h - a potion of haste {unknown}
 i - a potion of invisibility {unknown}

Dungeon Overview and Level Annotations

Branches:
Dungeon (2/15)

Altars:

Shops:
D:1 (


Message History

You slash the orc!
You kill the orc!
A giant cockroach comes into view.
Found a stone staircase leading up.
Things that are here:
a +0 flail; a +0 leather armour; an orc corpse You barely miss the orc priest.
The orc priest barely misses you.
You barely miss the orc priest.
The orc priest hits you with a +2 flail of protection.
You hit the orc priest.
The orc priest is lightly wounded.
You hit the orc.
You kill the orc!
You block the orc priest's attack.
The orc priest hits you with a +2 flail of protection.
You closely miss the orc priest.
The orc priest is lightly wounded.
You hit the giant cockroach.
The giant cockroach bites you but does no damage.
You block the orc priest's attack.
The giant cockroach bites you but does no damage.
You hit the giant cockroach.
You kill the giant cockroach!
You barely miss the orc priest. You block the orc priest's attack.
The orc priest looks braver for a moment.
You barely miss the orc priest.
The orc priest is lightly wounded.
You block the orc priest's attack.
You hit the orc priest.
The orc priest is heavily wounded.
The orc priest hits you with a +2 flail of protection!
The orc priest invokes the aid of Beogh against you.
Beogh smites you!
You closely miss the orc priest.
The orc priest is heavily wounded.
The orc priest mumbles some strange prayers to Beogh against you.
Pain shoots through your body!
You die...

#.#........
##.<.#######
#####..###
#.....## #..###.#
.. ####.# .
#....## ...
##....)###.....
.........@o......
##########)......
##..... ...< ...
.. .


You could see an orc priest.

Vanquished Creatures
  3 orcs (D:2)
  A ball python (D:1)
  3 bats (D:1)
  3 endoplasms
  2 giant cockroaches
  2 goblins (D:1)
  4 hobgoblins (D:1)
  4 kobolds (D:1)
  A quokka (D:1)
  A frilled lizard (D:1)
  2 rats (D:1)
26 creatures vanquished.

Notes
Turn   | Place    | Note
-------+----------+-------------------------------------------
     0 | D:1      | qw the Gargoyle Fighter began the quest for the Orb.
     0 | D:1      | Reached XP level 1. HP: 14/14 MP: 1/1
     0 | D:1      | 0 ||| qw: Version: 0.2-a-12-gaebbb33
     0 | D:1      | 0 ||| qw: Game counter: 814
     0 | D:1      | 0 ||| qw: Always use a shield: true
     0 | D:1      | 0 ||| qw: God list: Okawaru
     0 | D:1      | 0 ||| qw: Allow faded altars: false
     0 | D:1      | 0 ||| qw: Do Orc after D:15 true
     0 | D:1      | 0 ||| qw: Do second Lair branch before Depths: true
     0 | D:1      | 0 ||| qw: Lair rune preference: random
     0 | D:1      | 0 ||| qw: Plans: Normal, Zot:1-4, God:TSO, Crypt, Tomb,
                  | Pan, Slime:5, Hells, Abyss, Orb
     0 | D:1      | 0 ||| PLANNING D:1-11
    43 | D:1      | Found Nebrumekk's Antique Weapon Emporium.
    52 | D:1      | 52 ||| Stepping ~*~*~tactically~*~*~ (stealth).
    55 | D:1      | 55 ||| Stepping ~*~*~tactically~*~*~ (stealth).
    56 | D:1      | 56 ||| Stepping ~*~*~tactically~*~*~ (stealth).
    57 | D:1      | 57 ||| Stepping ~*~*~tactically~*~*~ (stealth).
    92 | D:1      | Reached XP level 2. HP: 13/19 MP: 2/2
   242 | D:1      | 242 ||| Stepping ~*~*~tactically~*~*~ (stealth).
   271 | D:1      | 271 ||| Stepping ~*~*~tactically~*~*~ (stealth).
   368 | D:1      | 368 ||| Stepping ~*~*~tactically~*~*~ (stealth).
   588 | D:1      | Reached skill level 3 in Axes
   704 | D:1      | Reached XP level 3. HP: 23/23 MP: 3/3
   791 | D:1      | 791 ||| READING 2 scrolls labelled MAXKIOBLOI.
   792 | D:1      | 792 ||| READING scroll labelled JUTIOL TOSIA.
   810 | D:1      | 810 ||| Stepping ~*~*~tactically~*~*~ (stealth).
   818 | D:1      | 818 ||| UPGRADING to +0 kite shield.
   828 | D:1      | 828 ||| DROPPING +0 buckler.
   858 | D:2      | HP: 1/23 [orc priest/divine providence (11)]
   859 | D:2      | Killed from afar by an orc priest

Levels and vault maps discovered:
D:1:      dpeg_arrival_rhombi, layout_rooms, serial_shops, nicolae_diamond_shop,
          serial_park_tiny_2, supply_closet_lemuel
D:2:      layout_rooms, kennysheep_boxes

Skill      XL: |  1  2 |
---------------+-------+-----
Axes           | 2 3 |  3.1
Fighting       | |  3.2
Armour         | |  3.2
Shields        | |  3.5

Action                   || total
-------------------------++-------
Melee: War axe           ||    56
Throw: Boomerang         ||    20
  Use: Scroll            ||     2
Armor: Scale mail        ||    20
Dodge: Dodged            ||    15
Block: Buckler           ||     9
       Kite shield       ||     5

Table legend:
 A = Non-vault XP
 B = Vault XP
 C = Vault XP percentage of total XP
 D = Non-vault monster count
 E = Vault monster count
 F = Vault count percentage of total count
                 A         B        C        D         E       F
            +---------+---------+-------+---------+---------+-------
      Total |      49 |       0 |   0.0 |      26 |       0 |   0.0
            +---------+---------+-------+---------+---------+-------
        D:1 |      36 |       0 |   0.0 |      21 |       0 |   0.0
        D:2 |      13 |       0 |   0.0 |       5 |       0 |   0.0
            +---------+---------+-------+---------+---------+-------
